 Dungeon Crawl Stone Soup version 0.24.1-1-gd1d2a07e1b (webtiles) character file.

Game seed: 9994083252457469371, levelgen mode: deterministic

289 Curus the Poker (level 6, -1/51 HPs)
             Began as a Draconian Berserker on Apr 8, 2020.
             Was a Believer of Trog.
             Slain by a goblin (6 damage)
             ... led by Robin
             ... on level 3 of the Dungeon.
             The game lasted 00:09:04 (2107 turns).

Curus the Poker (Draconian Berserker)               Turns: 2107, Time: 00:09:05

Health: -1/51      AC:  6    Str: 20    XL:     6   Next: 9%
Magic:  6/6        EV: 12    Int:  7    God:    Trog [**....]
Gold:   108        SH:  0    Dex: 12    Spells: 5/5 levels left

rFire    . . .     SeeInvis .   a - +0 spear
rCold    . . .     Gourm    .   (no shield)
rNeg     . . .     Faith    .   (armour unavailable)
rPois    .         Spirit   .   (helmet restricted)
rElec    .         Reflect  .   (no cloak)
rCorr    .         Harm     .   (no gloves)
MR       .....                  (no boots)
Stlth    +.........             (no amulet)
HPRegen  0.17/turn              (no ring)
MPRegen  0.10/turn              (no ring)

@: about to teleport, berserk cooldown, slowed, lightly drained, very slow
A: unfitting armour, cold-blooded, AC +6
a: Berserk, Trog's Hand, Renounce Religion


You were on level 3 of the Dungeon.
You worshipped Trog.
Trog was pleased with you.
You were hungry.

You visited 1 branch of the dungeon, and saw 3 of its levels.

You collected 108 gold pieces.

Inventory:

Hand Weapons
 a - a +0 spear (weapon)
Scrolls
 c - 4 scrolls of identify
 e - 3 scrolls of teleportation
 g - 2 scrolls of remove curse
Potions
 d - a potion of flight
 h - a potion of magic
Comestibles
 b - 5 rations


   Skills:
 - Level 3.2(3.0) Fighting
 + Level 6.9(6.6) Polearms
 - Level 2.6(2.4) Dodging


You had 5 spell levels left.
You didn't know any spells.
Your spell library was empty.

Dungeon Overview and Level Annotations

Branches:
Dungeon (3/15)

Altars:
Cheibriados
Hepliaklqana
Yredelemnul

Annotations:
D:3 Robin


Innate Abilities, Weirdness & Mutations

Your plain brown scales are hard. (AC +6)
You cannot fit into any form of body armour.
You are cold-blooded and may be slowed by cold attacks.


Message History

Robin throws the goblin at you!
* * * LOW HITPOINT WARNING * * *
The goblin hits you but does no damage.
You feel drained.
Things that are here:
a +0 dagger; a goblin corpse Unknown command.
You hit the goblin.
You kill the goblin!
Trog accepts your kill.
Robin roars a battlecry!
The goblins go into a battle-frenzy!
You are no longer berserk.
You pass out from exhaustion.
You feel yourself slow down.
Found a scroll of identify.
You can move again.
You see here a jackal corpse.
As you read the scroll of teleportation, it crumbles to dust.
You feel strangely unstable. The goblin hits you.
You die...

..(......)..#
###########.# ?..
....# #.# ...
.##.##### #.## ...
.......(# #..# #)#
.##.....# ##.# #.#
........# #.###.#
.##.....# #..##.#
.##.....#####.##@#
.##.....')..#.##g#
.##.....###.#.##)#
..#.###.# #.#.##g#
###.###.# #.#..#g#
#.....# #....#g#
####### ####.#†#
#.g.# #...###+##


You could see 2 hobgoblins and 3 goblins.

Vanquished Creatures
  A sky beast (D:3)
  A crimson imp (D:3)
  A bullfrog zombie (D:2)
  An orc wizard (D:3)
  2 adders
  A dart slug (D:1)
  A leopard gecko (D:1)
  9 orcs (D:3)
  9 bats
  2 giant cockroaches
  10 goblins
  10 hobgoblins
  8 jackals
  A quokka (D:2)
  2 frilled lizards
  4 kobolds
  2 rats
  A spectral orc (D:3)
66 creatures vanquished.

Notes
Turn   | Place    | Note
-------+----------+-------------------------------------------
     0 | D:1      | Curus the Draconian Berserker began the quest for the Orb.
     0 | D:1      | Reached XP level 1. HP: 19/19 MP: 1/1
   157 | D:1      | Reached XP level 2. HP: 20/26 MP: 2/2
   407 | D:1      | Reached skill level 4 in Polearms
   776 | D:2      | Reached XP level 3. HP: 31/31 MP: 3/3
   926 | D:2      | Reached skill level 5 in Polearms
   926 | D:2      | Reached XP level 4. HP: 35/38 MP: 4/4
  1325 | D:3      | Found a hazy altar of Hepliaklqana.
  1335 | D:3      | Reached ** piety under Trog
  1584 | D:3      | Reached XP level 5. HP: 12/45 MP: 5/5
  1600 | D:3      | Reached skill level 6 in Polearms
  1913 | D:3      | Found a basalt altar of Yredelemnul.
  1997 | D:3      | Found a snail-covered altar of Cheibriados.
  2071 | D:3      | Noticed a sky beast
  2074 | D:3      | Noticed Robin
  2089 | D:3      | Killed a sky beast
  2089 | D:3      | Reached XP level 6. HP: 9/51 MP: 6/6
  2107 | D:3      | Slain by a goblin

Levels and vault maps discovered:
D:1:      dpeg_arrival_short_road, layout_basic
D:2:      layout_loops_ring
D:3:      layout_basic, overflow_temple_1_default, marbit_many_paths,
          yredelemnul_forgotten_temple_becter, minmay_between, uniq_robin

Skill      XL: |  1  2  3  4  5 |
---------------+----------------+-----
Polearms       | 4 5 6 |  6.9
Fighting       | |  3.2
Dodging        | |  2.6

Action                   |  1- 3 |  4- 6 || total
-------------------------+-------+-------++-------
Melee: Spear             |   101 |   203 ||   304
       Tailslap          |    12 |    27 ||    39
Invok: Berserk           |       |     2 ||     2
  Use: Scroll            |     4 |     3 ||     7
       Potion            |     2 |     4 ||     6
 Stab: Sleeping          |     1 |       ||     1
  Eat: Chunk             |       |     5 ||     5
Armor: Skin              |    21 |    43 ||    64
Dodge: Dodged            |    51 |   123 ||   174
